 Dungeon Crawl Stone Soup version 0.28-a0-1038-g9c4cb8273d (webtiles) character file.

Game seed: 15121161781975416702

214 mainiacjoe the Ruffian (level 5, -3/46 HPs)
             Began as a Draconian Gladiator on Dec 9, 2021.
             Splashed by a jelly's acid (8 damage)
             ... on level 4 of the Dungeon.
             The game lasted 00:05:46 (3812 turns).

mainiacjoe the Ruffian (Draconian Gladiator)        Turns: 3812, Time: 00:05:47

Health: -3/46      AC: -1    Str: 18    XL:     5   Next: 60%
Magic:  0/5        EV: 13    Int:  9    God:
Gold:   71         SH:  0    Dex: 12    Spells: 4/4 levels left

rFire   . . .      SeeInvis .     - Unarmed
rCold   . . .      Faith    .   (no shield)
rNeg    . . .      Spirit   +   (armour unavailable)
rPois   +          Reflect  .   j - +2 hat
rElec   .          Harm     .   (no cloak)
rCorr   .          Rampage  .   (no gloves)
Will    .....                   (no boots)
Stlth   +.........              l - amulet of guardian spirit
HPRegen 0.15/turn               t - ring of poison resistance
MPRegen 0.09/turn               (no ring)

@: corroded
A: AC +5, unfitting armour, cold-blooded
a: no special abilities


You were on level 4 of the Dungeon.
You visited 1 branch of the dungeon, and saw 4 of its levels.

You collected 173 gold pieces.
You spent 102 gold pieces at shops.

Inventory:

Missiles
 b - 3 throwing nets {=F}
 c - 115 stones (quivered)
 k - 37 arrows
 p - 3 atropa-tipped darts {=F}
 r - 10 poisoned darts
Armour
 a - a +0 hat
 j - a +2 hat (worn)
Jewellery
 l - an amulet of guardian spirit (around neck)
 m - an amulet of magic regeneration
 t - a ring of poison resistance (left hand)
Scrolls
 d - a scroll of magic mapping
 e - a scroll of brand weapon
 f - 3 scrolls of teleportation
 h - a scroll of vulnerability {unknown}
 n - a scroll of fear
 o - a scroll of silence {unknown}
 u - a scroll of torment {unknown}
Potions
 g - a potion of haste
 i - a potion of flight
 q - a potion of brilliance
 s - a potion of heal wounds {unknown}


   Skills:
 + Level 3.6 Fighting
 - Level 1.7 Throwing
 + Level 3.7 Dodging
 * Level 5.0 Unarmed Combat


You had 4 spell levels left.
You didn't know any spells.
Your spell library was empty.

Dungeon Overview and Level Annotations

Branches:
Dungeon (4/15)
 Temple: D:4-7

Altars:
Zin

Shops:
D:1 *


Innate Abilities, Weirdness & Mutations

Your plain brown scales are hard. (AC +5)
You cannot fit into any form of body armour.
You are cold-blooded and may be slowed by cold attacks.


Message History

The bullfrog skeleton hits you but does no damage.
You punch the bullfrog skeleton!
Your tail-slap misses the bullfrog skeleton.
The bullfrog skeleton is almost destroyed.
The bullfrog skeleton hits you.
You hit the bullfrog skeleton. You tail-slap the bullfrog skeleton.
You destroy the bullfrog skeleton!
Your Unarmed Combat skill increases to level 5!
Found a stone staircase leading up.
v - a scroll of identify
As you read the scroll of identify, it crumbles to dust.
q - a potion of brilliance
Found 13 gold pieces.
You see here a +0 flail.
You now have enough gold to buy a potion of might on D:1.
You can access your shopping list by pressing '$'.
You now have 56 gold pieces (gained 13).
Found a ring mail.
Found 15 gold pieces.
Found a robe.
You now have 71 gold pieces (gained 15).
Found a scroll of teleportation.
Found a smoky pink potion.
A jelly comes into view.
The jelly quivers.
You see here a scroll of teleportation.
You hit the jelly.
Your hands burn!
The jelly is lightly wounded.
You punch the jelly!
Your hands burn!
You tail-slap the jelly, but do no damage.
The jelly is heavily wounded.
The jelly hits you. The acid corrodes you!
You are splashed with acid!
* * * LOW HITPOINT WARNING * * *
You hit the jelly. The acid corrodes you!
Your hands burn!
* * * LOW HITPOINT WARNING * * *
The jelly is heavily wounded.
The jelly hits you.
* * * LOW HITPOINT WARNING * * *
You are splashed with acid!
You die...

#...$.#....#############.....[...
#.$...#....# #.....#######
#######....# #####.#..##
...........### ##.......##
##.#.........# #..##....#
##.####...###.###....# #..#
#.##....##....## #.##
#......J#.....# #<# <.. #@......#
#....# #...#...# #.#.##
....####.## #. .. ....## #.# ..
..# ...### #.# ... ##. .. #!# ..#
.. . .# ##. ...


You could see a jelly.

Vanquished Creatures
  A phantom (D:4)
  A bullfrog skeleton (D:4)
  4 adders
  A worm (D:3)
  A dart slug (D:2)
  6 orcs (D:3)
  5 endoplasms
  4 giant cockroaches
  4 goblins
  6 hobgoblins
  8 kobolds
  2 quokkas (D:1)
  3 ball pythons
  6 bats
  9 frilled lizards
  3 rats
64 creatures vanquished.

Notes
Turn   | Place    | Note
-------+----------+-------------------------------------------
     0 | D:1      | mainiacjoe the Draconian Gladiator began the quest for the
                  | Orb.
     0 | D:1      | Reached XP level 1. HP: 17/17 MP: 1/1
   428 | D:1      | Found a faded altar of an unknown god.
   428 | D:1      | Noticed a Hell Sentinel
   482 | D:1      | Found Mausathra's General Store.
   492 | D:1      | Bought a scroll of teleportation for 36 gold pieces
   508 | D:1      | Reached XP level 2. HP: 23/25 MP: 2/2
   653 | D:1      | Bought a scroll of identify for 24 gold pieces
  1307 | D:2      | Reached XP level 3. HP: 27/30 MP: 3/3
  2073 | D:1      | Bought a scroll of fear for 42 gold pieces
  2389 | D:2      | Reached skill level 4 in Unarmed Combat
  2593 | D:3      | Reached XP level 4. HP: 38/38 MP: 4/4
  3718 | D:4      | Noticed an ogre
  3719 | D:4      | Noticed an ogre
  3743 | D:4      | Noticed a phantom
  3744 | D:4      | Found a glowing silver altar of Zin.
  3766 | D:4      | Killed a phantom
  3767 | D:4      | Reached XP level 5. HP: 17/45 MP: 1/5
  3775 | D:4      | Reached skill level 5 in Unarmed Combat
  3812 | D:4      | Splashed by a jelly's acid

Illustrated notes

Levels and vault maps discovered:
D:1:      dpeg_arrival_castle, layout_basic,
          dreamdust_ecumenical_altar_sealed_demon, serial_shops,
          nicolae_shop_advertising_works [nicolae_subvault_shop_adworks]
D:2:      layout_loops_ring
D:3:      layout_loops_corners, corexii_corridor_pit
D:4:      layout_rooms, nicolae_hepliaklqana_monster_ancestors,
          amcnicky_altar_gilded, serial_shops, shop,
          cheibrodos_sewer_entry_bend, minmay_snake_closets

Skill      XL: |  1  2  3  4  5 |
---------------+----------------+-----
Dodging        | 3 |  3.7
Unarmed Combat | 4 5 |  5.0
Fighting       | 3 |  3.6
Throwing       | |  1.7

Action                   |  1- 3 |  4- 6 || total
-------------------------+-------+-------++-------
Melee: Unarmed           |   113 |    66 ||   179
       Tailslap          |     8 |     8 ||    16
       Punch             |     1 |     1 ||     2
Throw: Stone             |   118 |    58 ||   176
  Use: Scroll            |     4 |     1 ||     5
Armor: Skin              |    35 |    20 ||    55
Dodge: Dodged            |    56 |    43 ||    99

Table legend: (Time is in decaauts)
 A = Elapsed time spent in this place.
 B = Non-inter-level travel time spent in this place.
 C = Inter-level travel time spent in this place.
 D = Time resting spent in this place.
 E = Time spent auto-exploring this place.
 F = Levels seen in this place.
 G = Mean time per level.
                   A        B        C        D        E       F      G
               +--------+--------+--------+--------+--------+-----+--------+
         Total |   3803 |   3437 |    366 |    100 |   2727 |   4 |  950.8 |
       Dungeon |   3803 |   3437 |    366 |    100 |   2727 |   4 |  950.8 |
               +--------+--------+--------+--------+--------+-----+--------+

Top non-repeatable levels by time:
     D:1: 1350 daAuts
     D:3: 1212 daAuts
     D:2: 1170 daAuts
     D:4: 70 daAuts
